 Dungeon Crawl Stone Soup version 0.28.0-47-ge53b351184 (webtiles) character file.

Game seed: 17396201040823619569

9 Exodus22XD the Skirmisher (level 2, 24/27 HPs)
             Began as a Minotaur Fighter on May 8, 2022.
             Was a High Priest of Ignis.
             Quit the game on level 1 of the Dungeon.
             The game lasted 00:00:20 (341 turns).

Exodus22XD the Skirmisher (Minotaur Fighter)         Turns: 341, Time: 00:00:20

Health: 24/27      AC:  8    Str: 20    XL:     2   Next: 3%
Magic:  1/1        EV:  9    Int:  5    God:    Ignis [*****.]
Gold:   15         SH:  4    Dex:  9    Spells: 1/1 levels left

rFire   + . .      SeeInvis .   a - +0 war axe
rCold   . . .      Faith    .   c - +0 buckler
rNeg    . . .      Spirit   .   b - +0 scale mail
rPois   .          Reflect  .   (helmet restricted)
rElec   .          Harm     .   (no cloak)
rCorr   .          Rampage  .   g - +0 pair of gloves
Will    .....                   (no boots)
Stlth   ..........              (no amulet)
HPRegen 0.09/turn               (no ring)
MPRegen 0.07/turn               (no ring)

@: no status effects
A: horns 2, retaliatory headbutt
a: Renounce Religion, Fiery Armour, Foxfire Swarm, Rising Flame


You were on level 1 of the Dungeon.
You worshipped Ignis.
Ignis was extremely pleased with you.
You visited 1 branch of the dungeon, and saw 1 of its levels.

You collected 15 gold pieces.

Inventory:

Hand Weapons
 a - a +0 war axe (weapon)
Armour
 b - a +0 scale mail (worn)
 c - a +0 buckler (worn)
 g - a +0 pair of gloves (worn)
Jewellery
 f - a +6 ring of intelligence
Potions
 d - a potion of might
 e - a potion of curing {unknown}


   Skills:
 + Level 3.8 Fighting
 + Level 2.6 Axes
 + Level 3.8 Armour
 + Level 3.8 Shields


You had one spell level left.
You didn't know any spells.
Your spell library was empty.

Dungeon Overview and Level Annotations

Branches:
Dungeon (1/15)

Altars:
Ignis


Innate Abilities, Weirdness & Mutations

You have a pair of horns on your head.
You reflexively headbutt those who attack you in melee.


Message History

The ball python grabs you. The ball python constricts you.
The ball python closely misses you. The ball python constricts you.
There is an open door here.
A ball python is nearby!
You slash the ball python!
You kill the ball python!
Found a faded altar of an unknown god.
No target in view!
A goblin comes into view. It is wielding a +0 dagger.
The goblin shouts!
A rat comes into view.
There are monsters nearby!
There are monsters nearby!
The goblin hits you but does no damage.
You hit the goblin.
The goblin is heavily wounded.
The goblin hits you but does no damage.
You closely miss the goblin.
The goblin is heavily wounded.
The goblin hits you with a +0 dagger. The rat barely misses you.
The goblin hits you but does no damage.
You barely miss the goblin. Your headbutt misses the goblin.
The goblin is heavily wounded.
You slash the rat!
You kill the rat!
The goblin hits you with a +0 dagger.
You closely miss the goblin.
The goblin is heavily wounded.
You block the goblin's attack. The goblin hits you but does no damage.
You closely miss the goblin. You headbutt the goblin.
You kill the goblin!
You have reached level 2!
You see here a +0 dagger.
There is a faded altar of an unknown god here.
You cannot tell which god this altar belongs to.
Convert to them anyway? [Y]es or [N]o only, please.
You cannot tell which god this altar belongs to.
Convert to them anyway?
Ignis accepts your prayer! Ignis welcomes you!
Are you sure you want to abandon this character and quit the game? (Confirm with "yes".)

#.....#####..#####..###
#..................(...
#...........###.....
#######.######......##..
........#######..#..##..
######8.8##......†......
.....................#..
####..8)8.8.....†###.##.
.......@......>..# #...#
###...8.8.8......# ###..
#......##......# ###
####..8##.....>#
######......# #......#


There were no monsters in sight!

Vanquished Creatures
  A giant cockroach (D:1)
  A goblin (D:1)
  A hobgoblin (D:1)
  A quokka (D:1)
  2 ball pythons (D:1)
  A frilled lizard (D:1)
  2 rats (D:1)
9 creatures vanquished.

Notes
Turn   | Place    | Note
-------+----------+-------------------------------------------
     0 | D:1      | Exodus22XD the Minotaur Fighter began the quest for the
                  | Orb.
     0 | D:1      | Reached XP level 1. HP: 19/19 MP: 0/0
   327 | D:1      | Found a faded altar of an unknown god.
   338 | D:1      | Reached XP level 2. HP: 23/27 MP: 1/1
   340 | D:1      | Prayed at the altar of an unknown god.
   340 | D:1      | Became a worshipper of Ignis, the Dying Flame
   341 | D:1      | Quit the game

Illustrated notes

Levels and vault maps discovered:
D:1:      dpeg_arrival_houses_and_road, layout_rooms,
          ebering_ecumenical_altar_ruins, serial_park_tiny_pond,
          dk_noncrumbling_4

Action                   || total
-------------------------++-------
Melee: War axe           ||    18
       Headbutt          ||     2
Armor: Scale mail        ||    12
Dodge: Dodged            ||     7
Block: Buckler           ||     2
